 Dungeon Crawl Stone Soup version 0.30-b1-2-g02819fbbbe (webtiles) character file.

Game seed: 13901915475333695238

4968 Megalobster the Severer (level 10, -1/77 HPs)
             Began as a Minotaur Berserker on Dec 31, 2023.
             Was an Elder of Trog.
             Slain by a boulder beetle (4 damage)
             ... on level 7 of the Dungeon.
             The game lasted 00:19:32 (7180 turns).

Megalobster the Severer (Minotaur Berserker)        Turns: 7180, Time: 00:19:32

Health: -1/77      AC: 10    Str: 27    XL:     10   Next: 28%
Magic:  9/9        EV: 11    Int:  4    God:    Trog [****..]
Gold:   440        SH:  0    Dex:  9    Spells: 9/9 levels left

rFire   . . .        a - +0 hand axe
rCold   . . .        (no shield)
rNeg    . . .        l - +0 ring mail
rPois   .            (helmet restricted)
rElec   .            (no cloak)
rCorr   +            (no gloves)
SInv    .            (no boots)
Will    ++...        (no amulet) Stlth
                     k - ring of resist corrosion
HPRegen 1.32/turn    x - +4 ring of protection
MPRegen 0.11/turn

%: no passive effects
@: brilliant, strong-willed, on berserk cooldown, regenerating, slowed, very
slow
A: horns 2, retaliatory headbutt
a: Renounce Religion, Berserk, Trog's Hand, Brothers in Arms


You were on level 7 of the Dungeon.
You worshipped Trog.
Trog was greatly pleased with you.
You visited 1 branch of the dungeon, and saw 7 of its levels.

You collected 440 gold pieces.

Inventory:

Hand Weapons
 a - a +0 hand axe (weapon)
 h - a +2 dagger of draining
 B - a +1 whip of flaming
 I - a +1 dire flail of venom
 O - a +2 morningstar of freezing
Missiles
 r - 84 stones (quivered)
 s - 6 boomerangs
Armour
 b - a +0 animal skin
 d - a +0 chain mail
 l - a +0 ring mail (worn)
 n - a +0 scale mail
 N - a +0 plate armour
 P - a +0 cloak
Jewellery
 k - a ring of resist corrosion (left hand)
 x - a +4 ring of protection (right hand)
 F - a +6 ring of dexterity
Wands
 o - a wand of roots (15)
 A - a wand of mindburst (10)
 E - a wand of polymorph (2)
 J - a wand of charming (11)
Scrolls
 e - a scroll of acquirement {unknown}
 g - 9 scrolls of identify {@r1}
 j - 5 scrolls of teleportation {unknown}
 m - 3 scrolls of enchant weapon {unknown}
 q - a scroll of fear {unknown}
 t - a scroll of immolation {unknown}
 y - a scroll of blinking {unknown}
 z - a scroll of vulnerability {unknown}
 D - 2 scrolls of magic mapping {unknown}
 G - a scroll of brand weapon {unknown}
 H - a scroll of poison {unknown}
 K - 2 scrolls of amnesia {unknown}
 L - 2 scrolls of enchant armour {unknown}
 Q - a scroll of summoning {unknown}
Potions
 c - 2 potions of flight {unknown}
 f - 5 potions of curing {@q1}
 i - 3 potions of brilliance
 p - 2 potions of magic {unknown}
 u - 4 potions of attraction {unknown}
 v - a potion of ambrosia {unknown}
 w - 2 potions of mutation {unknown}
 C - 3 potions of haste
 M - a potion of lignification {unknown}


   Skills:
 - Level 3.6 Fighting
 + Level 16.5 Axes
 * Level 7.8 Armour
 - Level 2.1 Dodging


You had 9 spell levels left.
You didn't know any spells.
Your spell library was empty.

Dungeon Overview and Level Annotations

Branches:
Dungeon (7/15)             Temple (0/1) D:4

Altars:
Ashenzari
Elyvilon
Hepliaklqana
Qazlal
Trog
Uskayaw
Xom

Shops:
D:2 *


Innate Abilities, Weirdness & Mutations

You have a pair of horns on your head.
You reflexively headbutt those who attack you in melee.


Message History

You hit the cyan ugly thing.
Your headbutt misses the cyan ugly thing.
The cyan ugly thing is severely wounded.
You hit the cyan ugly thing. You headbutt the cyan ugly thing!
The cyan ugly thing is almost dead.
The cyan ugly thing kicks you. The cyan ugly thing shocks you!
You hit the cyan ugly thing.
You kill the cyan ugly thing!
Trog accepts your kill.
You slash the wraith!
The wraith is moderately damaged.
You slice the wraith!!
The wraith is almost destroyed.
You hit the boulder beetle.
You headbutt the boulder beetle, but do no damage.
The boulder beetle is lightly wounded.
You hit the boulder beetle.
Your headbutt misses the boulder beetle.
The boulder beetle is lightly wounded.
You hit the boulder beetle but do no damage.
The boulder beetle is lightly wounded.
You hit the boulder beetle.
You headbutt the boulder beetle, but do no damage.
The boulder beetle is lightly wounded.
You barely miss the boulder beetle.
The boulder beetle is lightly wounded.
You are no longer berserk.
You are exhausted.
You feel yourself slow down. The boulder beetle bites you!
* * * LOW HITPOINT WARNING * * *
As you read the scroll labelled REOMEE WOERCH, it crumbles to dust.
It is a scroll of identify.
f - 5 potions of curing The boulder beetle bites you!!
* * * LOW HITPOINT WARNING * * *
It was a potion of brilliance.
You feel clever all of a sudden. The boulder beetle closely misses you.
The boulder beetle bites you.
You die...

..##...###.#.....#..#..##.####.##
#####..# #.#.....#..#..##..#.#..#
# #..###.+.....'.....'##.#.'..#
####...#.#.....#..#..#..#..#...
#.....#..#.....#..#[.#..####...
#.#.#....###+#####+#####+ #...
##........##..# #..[# #...
##..#.#.#..#.#.###W.}))# #...
...........'....@By.# +...
...#.......###.#†#{|)..# ...
...#.......# #..## ..#.# #
...........# #+#####+### #.
...........###...#.....# #
........#..##..#.#.###.#
.........#.'..#..'..†..+ ..
..###...##.#.#..##.###.# ..
.#..#......#...###.....# ..


You could see a boulder beetle, a wraith and a vampire mosquito.

Vanquished Creatures
  Pikel (D:4)
  2 ugly things (D:7)
  A troll (D:7)
  Prince Ribbit (D:6)
  Sigmund (D:2)
  A wyvern (D:7)
  A basilisk (D:6)
  A steam dragon (D:5)
  Menkaure (D:4)
  Edmund (D:6)
  Duvessa (D:4)
  5 ice beasts
  3 black bears
  3 sky beasts (D:7)
  A centaur (D:7)
  A kobold brigand (D:6)
  A bullfrog (D:7)
  3 scorpions
  Dowan (D:4)
  6 killer bees (D:7)
  A howler monkey (D:5)
  4 hounds
  4 jellies
  An orc priest (D:4)
  A sleepcap (D:6)
  Natasha (thrice) (D:2)
  2 iguanas (D:6)
  3 orc wizards (D:4)
  Robin (D:2)
  10 adders
  A shadow imp (D:5)
  4 worms
  A dart slug (D:2)
  7 orcs
  9 ball pythons
  3 endoplasms
  4 giant cockroaches
  11 goblins
  7 hobgoblins
  4 jackals (D:2)
  6 quokkas
  5 bats
  A frilled lizard (D:3)
  11 kobolds
  11 rats
151 creatures vanquished.

Notes
Turn   | Place    | Note
-------+----------+-------------------------------------------
     0 | D:1      | Megalobster the Minotaur Berserker began the quest for the
                  | Orb.
     0 | D:1      | Reached XP level 1. HP: 19/19 MP: 0/0
   121 | D:1      | Reached skill level 4 in Axes
   183 | D:1      | Reached XP level 2. HP: 26/26 MP: 1/1
   331 | D:1      | You fall into a shaft and drop 1 floor!
   341 | D:2      | Noticed Robin
   360 | D:2      | Reached skill level 5 in Axes
   360 | D:2      | Killed Robin
   361 | D:2      | Reached XP level 3. HP: 31/31 MP: 2/2
   362 | D:2      | Reached ** piety under Trog
   501 | D:2      | Noticed Sigmund
   512 | D:2      | Killed Sigmund
   513 | D:2      | Reached skill level 7 in Axes
   513 | D:2      | Reached XP level 4. HP: 39/39 MP: 3/3
   513 | D:2      | Reached XP level 5. HP: 45/45 MP: 4/4
   595 | D:2      | Found a shimmering altar of Xom.
   964 | D:1      | Reached skill level 8 in Axes
  1135 | D:2      | Noticed Natasha
  1150 | D:2      | Killed Natasha
  1151 | D:2      | Reached XP level 6. HP: 36/51 MP: 5/5
  1218 | D:2      | Found a faded altar of an unknown god.
  1371 | D:2      | Found Roleebri's Assorted Antiques.
  1392 | D:2      | Noticed Natasha
  1399 | D:2      | Killed Natasha
  1487 | D:2      | Noticed Natasha
  1498 | D:2      | Killed Natasha
  1892 | D:3      | Reached *** piety under Trog
  2473 | D:4      | Reached skill level 9 in Axes
  2529 | D:4      | Noticed Menkaure
  2535 | D:4      | Noticed Pikel
  2535 | D:4      | Killed Menkaure
  2536 | D:4      | Reached XP level 7. HP: 57/57 MP: 6/6
  2550 | D:4      | Killed Pikel
  2551 | D:4      | Reached skill level 11 in Axes
  2681 | D:4      | Reached XP level 8. HP: 57/64 MP: 7/7
  2688 | D:4      | Found a staircase to the Ecumenical Temple.
  2731 | D:4      | Noticed Dowan
  2731 | D:4      | Noticed Duvessa
  2744 | D:4      | Killed Duvessa
  2744 | D:4      | Killed Dowan
  2745 | D:4      | Reached skill level 12 in Axes
  3412 | D:5      | Entered Level 5 of the Dungeon
  3513 | D:5      | Reached skill level 13 in Axes
  4128 | D:5      | Reached skill level 14 in Axes
  4207 | D:5      | Found a hide-covered altar of Uskayaw.
  4208 | D:5      | Found a white marble altar of Elyvilon.
  4270 | D:5      | Reached XP level 9. HP: 63/70 MP: 8/8
  4291 | D:5      | Found a broken altar of Ashenzari.
  4574 | D:6      | Found a hazy altar of Hepliaklqana.
  4575 | D:6      | Found a shimmering altar of Xom.
  4576 | D:6      | Noticed a spectral ugly thing
  4668 | D:6      | Noticed Edmund
  4676 | D:6      | Killed Edmund
  4928 | D:6      | Noticed Prince Ribbit
  4944 | D:6      | Killed Prince Ribbit
  4945 | D:6      | Reached skill level 15 in Axes
  5261 | D:6      | Noticed a moth of wrath
  5264 | D:6      | Found a bloodstained altar of Trog.
  5275 | D:6      | Reached **** piety under Trog
  5842 | D:6      | Found a stormy altar of Qazlal.
  6052 | D:7      | Noticed a troll
  6071 | D:7      | Killed a troll
  6072 | D:7      | Reached skill level 16 in Axes
  6072 | D:7      | Reached skill level 5 in Armour
  6831 | D:7      | Reached XP level 10. HP: 46/77 MP: 9/9
  7154 | D:7      | Noticed a white ugly thing
  7154 | D:7      | Noticed a cyan ugly thing
  7154 | D:7      | Noticed a boulder beetle
  7164 | D:7      | Killed a white ugly thing
  7171 | D:7      | Killed a cyan ugly thing
  7179 | D:7      | HP: 1/77 [boulder beetle (19)]
  7180 | D:7      | Slain by a boulder beetle

Illustrated notes

Levels and vault maps discovered:
D:1:      minmay_arrival_widening_spiral_wide, layout_basic
D:2:      layout_loops_ring, basic_altar, serial_shops, shop,
          nicolae_ecumenical_pavilion, uniq_sigmund, uniq_robin, uniq_natasha
D:3:      layout_basic
D:4:      layout_basic, minmay_temple_entry_gardened_gates, enter_ossuary_5,
          chequers_serial_rivers_small_b, hangedman_abyss_or_decor_passed,
          uniq_duvessa, uniq_pikel, uniq_menkaure
D:5:      layout_basic, gammafunk_temple_overflow_pools,
          lemuel_coloured_pillars_altar
D:6:      layout_basic, regret_index_temple_of_mockery, lemuel_tele_altar,
          tgw_trog, uniq_edmund, uniq_prince_ribbit1
D:7:      minmay_the_grid_square_5x5_3x3
          [minmay_the_grid_square_5x5_half_checkered,
          minmay_the_grid_square_5x5_shrine1,
          minmay_the_grid_square_5x5_tetrominoes,
          minmay_the_grid_square_5x5_eight,
          minmay_the_grid_square_5x5_megaprize_crossed,
          minmay_the_grid_square_5x5_bridge,
          minmay_the_grid_square_5x5_hollow_slash,
          minmay_the_grid_square_5x5_hourglass,
          minmay_the_grid_square_5x5_empty], layout_layer_cave, serial_glass,
          glass_columns_a, glass_columns_b, glass_columns_a, glass_columns_a,
          glass_columns_b, item_on_display_a

Skill      XL: |  1  2  3  4  5  6  7  8  9 10 |
---------------+-------------------------------+-----
Axes           | 4 5 7 8 9 11 14 16 | 16.5
Armour         | 6 7 |  7.8
Fighting       | |  3.6
Dodging        | |  2.1

Action                     |  1- 3 |  4- 6 |  7- 9 | 10-12 || total
---------------------------+-------+-------+-------+-------++-------
  Melee: Hand axe          |    55 |    90 |   297 |    32 ||   474
         Headbutt          |     6 |    16 |    47 |     9 ||    78
         Punch             |     1 |       |     2 |     1 ||     4
 Invoke: Berserk           |     2 |     3 |     7 |     1 ||    13
         Trog's Hand       |       |       |       |     1 ||     1
    Use: Scroll            |       |       |       |     1 ||     1
         Potion            |       |       |       |     1 ||     1
   Stab: Sleeping          |     1 |       |       |       ||     1
 Armour: Animal skin       |     3 |       |       |       ||     3
         Ring mail         |    18 |    30 |    94 |     4 ||   146
  Dodge: Dodged            |    37 |    45 |   116 |     7 ||   205
